 Dungeon Crawl Stone Soup version 0.29-a0-994-gc5c9f59d18 (webtiles) character file.

Game seed: 7137378183668947806

18 vurker the Sneak (level 2, 0/14 HPs)
             Began as a Vine Stalker Enchanter on Aug 3, 2022.
             Slain by a hobgoblin (2 damage)
             ... on level 1 of the Dungeon.
             The game lasted 00:00:59 (913 turns).

vurker the Sneak (Vine Stalker Enchanter)            Turns: 913, Time: 00:01:00

Health: 0/14       AC:  2    Str: 10    XL:     2   Next: 70%
Magic:  0/6        EV: 12    Int: 15    God:
Gold:   14         SH:  0    Dex: 14    Spells: 5/5 levels left

rFire   . . .      SeeInvis .   e - +1 short sword (drain)
rCold   . . .      Faith    .   (no shield)
rNeg    . . .      Spirit   +   b - +0 robe
rPois   .          Reflect  .   (no helmet)
rElec   .          Harm     .   (no cloak)
rCorr   .          Rampage  .   (no gloves)
Will    .....                   (no boots)
Stlth   ++........              (no amulet)
HPRegen 0.04/turn               (no ring)
MPRegen 0.10/turn               (no ring)

@: no status effects
A: fangs 2, magic shield, antimagic bite, no potion heal 2
a: no special abilities


You were on level 1 of the Dungeon.
You visited 1 branch of the dungeon, and saw 2 of its levels.

You collected 14 gold pieces.

Inventory:

Hand Weapons
 e - a +1 short sword of draining (weapon)
   (You found it on level 2 of the Dungeon)
Armour
 b - a +0 robe (worn)
Scrolls
 a - a scroll of amnesia {unknown}
Potions
 c - 2 potions of invisibility
 d - a potion of lignification {unknown}


   Skills:
 + Level 1.0 Fighting
 * Level 2.0 Short Blades
 - Level 1.5 Dodging
 - Level 3.6 Stealth
 - Level 2.1 Spellcasting
 - Level 3.0 Hexes


You had 5 spell levels left.
You didn't know any spells.
Your spell library contained the following spells:

 Spells                   Type           Power      Damage    Failure   Level
 Ensorcelled Hibernation  Hex/Ice        12%        N/A       19%         2
 Confusing Touch          Hex            10%        N/A       19%         3
 Tukima's Dance           Hex            10%        N/A       19%         3
 Dazzling Flash           Conj/Hex       12%        N/A       34%         3


Dungeon Overview and Level Annotations

Branches:
Dungeon (2/15)

Altars:


Innate Abilities, Weirdness & Mutations

You have extremely sharp teeth.
When hurt, damage is shared between your health and your magic reserves.
Your bite disrupts and absorbs the magic of your enemies.
Potions cannot restore your health.


Message History

A goblin is nearby!
A goblin is nearby!
A goblin is nearby!
The goblin shouts!
The goblin hits you with a +0 club.
You hit the goblin. You bite the goblin.
You kill the goblin!
No target in view!
No target in view!
No target in view!
No target in view!
No target in view!
No target in view!
No target in view!
No target in view!
No target in view!
No target in view!
No target in view!
No target in view!
Things that are here:
a +0 club; a goblin corpse
Found 4 gold pieces.
You now have 14 gold pieces (gained 4).
Found a faded altar of an unknown god.
Found an escape hatch in the floor.
A hobgoblin comes into view.
A hobgoblin is nearby!
A hobgoblin is nearby!
The hobgoblin shouts!
There is an escape hatch in the floor here.
An endoplasm comes into view.
Found 5 gold pieces.
You hit the hobgoblin but do no damage. The hobgoblin hits you.
You hit the endoplasm. The endoplasm freezes you.
You are frozen.
The hobgoblin barely misses you.
You hit the endoplasm. You drain the endoplasm.
You kill the endoplasm!
The hobgoblin barely misses you.
Your Fighting skill increases to level 1!
Your Short Blades skill increases to level 2!
You barely miss the hobgoblin. The hobgoblin misses you.
You closely miss the hobgoblin. The hobgoblin hits you.
* * * LOW HITPOINT WARNING * * *
You hit the hobgoblin. You drain the hobgoblin. The hobgoblin hits you.
* * * LOW HITPOINT WARNING * * *
You hit the hobgoblin. The hobgoblin hits you.
* * * LOW HITPOINT WARNING * * *
You completely miss the hobgoblin. The hobgoblin hits you.
You die...

#.# #.# .# #.# .# #.#
#.# #.# .. #.# #$# #.#
..#
#######.#######.######
.............>@g.....#
#######.#######.####.#
#.# .# #.# .# #.# .#
#.# .# #.# .# #.# .#


You could see a hobgoblin (very drained).

Vanquished Creatures
  2 dart slugs
  A bat (D:1)
  3 endoplasms
  3 goblins (D:1)
  A ball python (D:1)
  2 frilled lizards (D:1)
  2 rats (D:1)
14 creatures vanquished.

Notes
Turn   | Place    | Note
-------+----------+-------------------------------------------
     0 | D:1      | vurker the Vine Stalker Enchanter began the quest for the
                  | Orb.
     0 | D:1      | Reached XP level 1. HP: 9/9 MP: 4/4
    20 | D:1      | Reached skill level 1 in Short Blades
    26 | D:1      | You fall into a shaft and drop 1 floor!
   489 | D:1      | Reached XP level 2. HP: 14/14 MP: 6/6
   860 | D:1      | Found a faded altar of an unknown god.
   909 | D:1      | Reached skill level 1 in Fighting
   913 | D:1      | Slain by a hobgoblin

Illustrated notes

Levels and vault maps discovered:
D:1:      lightli_arrival_boilingwater, layout_basic,
          shapermc_ecumenical_altar_totnotflames
D:2:      minmay_recursive_quarters, layout_loops_ring, uniq_sigmund,
          uniq_terence, uniq_crazy_yiuf_cottage

Skill      XL: |  1  2 |
---------------+-------+-----
Short Blades   | 1 2 |  2.0
Fighting       | 1 |  1.0
Dodging        | |  1.5
Stealth        | |  3.6
Spellcasting   | |  2.1
Hexes          | |  3.0

Action                   || total
-------------------------++-------
Melee: Dagger            ||     9
       Short sword       ||    28
       Bite              ||     6
 Stab: Sleeping          ||     3
Armor: Robe              ||     5
Dodge: Dodged            ||    14

Table legend: (Time is in decaauts)
 A = Elapsed time spent in this place.
 B = Non-inter-level travel time spent in this place.
 C = Inter-level travel time spent in this place.
 D = Time resting spent in this place.
 E = Time spent auto-exploring this place.
 F = Levels seen in this place.
 G = Mean time per level.
                   A        B        C        D        E       F      G
               +--------+--------+--------+--------+--------+-----+--------+
         Total |    914 |    914 |      0 |    206 |    543 |   2 |  457.0 |
       Dungeon |    914 |    914 |      0 |    206 |    543 |   2 |  457.0 |
               +--------+--------+--------+--------+--------+-----+--------+

Top non-repeatable levels by time:
     D:1: 472 daAuts
     D:2: 441 daAuts
